St.Louis Blues vs Toronto Maple Leafs
Created - Thursday, February 26, 2026 at 09:39
Goals
|
| St.Louis Blues |
1 |
0 |
0 |
1 |
| Toronto Maple Leafs |
2 |
0 |
1 |
3 |
|
Shots
|
| St.Louis Blues |
13 |
6 |
8 |
27 |
| Toronto Maple Leafs |
15 |
10 |
9 |
34 |
|
1st period
1. Toronto Maple Leafs , Wyatt Johnston 7 (Brady Tkachuk 14) at 1:04 (PP)
2. St.Louis Blues , Robert Thomas 12 (Jake Sanderson 15) at 2:25
3. Toronto Maple Leafs , Sam Bennett 13 (Bowen Byram 7, Quinton Byfield 17) at 11:03
Penalties :
Vincent Trocheck (STL) for Goalie Interference (Minor) at 0:47, Brandon Hagel (STL) for Slashing (Minor) at 2:55, Sam Bennett (TOR) for Holding (Minor) at 3:08, Mario Ferraro (TOR) for Tripping (Minor) at 6:08
2nd period
No Goal
Penalties :
Troy Terry (TOR) for Cross-checking (Minor) at 3:46, Warren Foegele (TOR) for High sticking (Minor) at 11:51, Sam Malinski (TOR) for Slashing (Minor) at 18:58
3rd period
4. Toronto Maple Leafs , Troy Terry 16 (Brady Tkachuk 15, Wyatt Johnston 27) at 11:46
Penalties :
Robert Thomas (STL) for Holding (Minor) at 6:53, Brady Tkachuk (TOR) for Tripping (Minor) at 19:25
Goalie Stats
Scott Wedgewood (STL), 31 saves from 34 shots - (0.912), L, 3-5-1, 60:00 minutes
Frederik Andersen (TOR), 26 saves from 27 shots - (0.963), W, 10-5-2, 60:00 minutes
Players Stats for St.Louis Blues
Player Name G A P +/- PIM S H SB GA TA FO MP PP MP PK MP
------------------------------------------------------------------------------------
Adam Pelech 0 0 0 0 0 0 0 0 0 0 0/0 12:01 0:00 0:00
Alex Tuch 0 0 0 0 0 0 2 1 0 0 0/1 15:20 3:36 0:00
Artem Zub 0 0 0 0 0 0 1 1 0 1 0/0 12:55 0:00 0:54
Brandon Hagel 0 0 0 0 2 3 1 1 0 0 2/3 14:39 3:45 0:00
Brandon Tanev 0 0 0 0 0 0 0 1 0 0 0/0 7:33 0:00 1:09
Brayden Point 0 0 0 -1 0 5 2 0 0 0 6/9 20:05 4:45 0:00
Colton Parayko 0 0 0 -1 0 0 2 5 0 2 0/0 20:56 0:13 1:04
Isac Lundestrom 0 0 0 0 0 0 0 0 0 0 2/4 9:22 3:45 1:16
Jaccob Slavin 0 0 0 0 0 1 0 0 1 0 0/0 16:23 0:09 1:25
Jack Eichel 0 0 0 0 0 1 1 1 0 1 5/8 21:59 4:58 0:00
Jake Guentzel 0 0 0 -1 0 5 0 0 1 1 3/6 18:15 4:33 0:00
Jake Sanderson 0 1 1 -1 0 1 4 3 1 0 0/0 26:15 5:07 1:04
Logan O'Connor 0 0 0 0 0 0 2 1 1 0 0/0 7:40 0:00 1:16
Mark Stone 0 0 0 -1 0 5 1 2 1 0 0/1 15:21 0:15 0:00
Mikhail Sergachev 0 0 0 0 0 0 1 1 0 0 0/0 20:50 3:36 0:31
Nikita Kucherov 0 0 0 0 0 1 1 1 0 0 1/5 22:44 4:58 0:14
Robert Thomas 1 0 1 0 2 4 1 0 2 0 13/18 16:32 0:10 0:00
Vincent Trocheck 0 0 0 0 2 1 3 0 1 0 8/13 16:52 3:45 1:03
Players Stats for Toronto Maple Leafs
Player Name G A P +/- PIM S H SB GA TA FO MP PP MP PK MP
------------------------------------------------------------------------------------
Aaron Ekblad 0 0 0 2 0 4 4 1 0 0 0/0 22:38 1:40 4:06
Bowen Byram 0 1 1 2 0 5 2 1 0 0 0/0 19:52 1:40 0:55
Brady Tkachuk 0 2 2 1 2 1 0 0 1 0 1/2 15:54 1:11 0:26
Brandon Saad 0 0 0 -1 0 1 0 1 0 0 0/0 10:31 0:00 0:00
Cody Ceci 0 0 0 -1 0 0 0 1 0 1 0/0 19:01 0:00 4:37
Eric Robinson 0 0 0 0 0 1 0 0 0 0 0/0 8:52 0:00 0:00
Mackie Samoskevich 0 0 0 0 0 1 3 0 0 0 0/0 8:38 0:00 0:00
Mario Ferraro 0 0 0 0 2 0 1 2 0 1 0/0 19:46 0:00 2:45
Nicolas Roy 0 0 0 0 0 1 2 0 0 0 2/6 12:42 0:00 4:02
Quinton Byfield 0 1 1 1 0 4 0 0 3 0 1/1 15:49 1:18 0:03
Ryan Hartman 0 0 0 -1 0 2 0 0 0 0 1/2 11:19 0:00 0:03
Ryan Pulock 0 0 0 0 0 1 0 0 0 1 0/0 22:52 0:49 4:37
Sam Bennett 1 0 1 1 2 3 2 0 0 3 7/17 16:32 1:17 1:08
Sam Malinski 0 0 0 -1 2 0 1 3 0 1 0/0 16:01 0:49 0:26
Scott Laughton 0 0 0 -1 0 0 2 0 1 0 5/14 15:31 0:00 4:09
Troy Terry 1 0 1 1 2 3 0 0 0 0 0/1 14:44 1:11 0:00
Warren Foegele 0 0 0 1 2 3 2 1 0 0 0/0 18:48 1:18 3:04
Wyatt Johnston 1 1 2 1 0 4 2 0 0 1 11/25 19:55 1:11 4:31
3 Stars
1 - Wyatt Johnston (TOR)
2 - Frederik Andersen (TOR)
3 - Bowen Byram (TOR)
Power Play
St.Louis Blues - 0 on 6 Attempt(s) - 0.00%
Toronto Maple Leafs - 1 on 3 Attempt(s) - 33.33%
Penalty Kill
St.Louis Blues - 2 on 3 Attempt(s) - 66.67%
- Score 0 goal in Penalty Kill
Toronto Maple Leafs - 6 on 6 Attempt(s) - 100.00%
- Score 0 goal in Penalty Kill
Team Stat
St.Louis Blues - Hits : 22 - Faceoff Wins : 40 - Blocked Shots : 18 - Penalty Minutes : 6
Toronto Maple Leafs - Hits : 21 - Faceoff Wins : 28 - Blocked Shots : 10 - Penalty Minutes : 12
Official
Referees : Kevin Pollock and Tom Chmielewski
Linesman : Tyson Baker and Kyle Flemington
Game Notes
No Game Note
Finance
Level 1 -- Attendance: 5304 (88.40%) -- Ticket Income $498,576
Level 2 -- Attendance: 4783 (95.66%) -- Ticket Income $258,282
Level 3 -- Attendance: 2810 (93.67%) -- Ticket Income $92,730
Level 4 -- Attendance: 4530 (90.60%) -- Ticket Income $95,130
Luxury Box -- Attendance: 716 (71.60%) -- Ticket Income $138,188
Game was played at the Air Canada Centre.
Total Attendance: 18143 (90.72%)
Total Ticket Income: $1,082,906
Other Income: $379,017
Total Income: $1,461,923
St.Louis Blues
5 vs 5 Forward
Center Left Wing Right Wing Time % Phy DF OF
1 Robert Thomas Jack Eichel Nikita Kucherov 40 0 2 3
2 Brayden Point Jake Guentzel Mark Stone 30 0 2 3
3 Vincent Trocheck Brandon Hagel Alex Tuch 25 1 2 2
4 Isac Lundestrom Brandon Tanev Logan O'Connor 5 1 3 1
5 vs 5 Defense
Defense Defense Time % Phy DF OF
1 Jake Sanderson Colton Parayko 45 0 3 2
2 Mikhail Sergachev Jaccob Slavin 35 0 3 2
3 Artem Zub Adam Pelech 20 1 2 2
4 Jake Sanderson Colton Parayko 0 0 3 2
PowerPlay Forward
Center Left Wing Right Wing Time % Phy DF OF
1 Jake Guentzel Jack Eichel Nikita Kucherov 60 0 0 5
2 Vincent Trocheck Brandon Hagel Isac Lundestrom 40 0 0 5
PowerPlay Defense
Defense Defense Time % Phy DF OF
1 Brayden Point Jake Sanderson 60 0 0 5
2 Alex Tuch Mikhail Sergachev 40 0 0 5
Penalty Kill 4 Players Forward
Center Wing Time % Phy DF OF
1 Vincent Trocheck Brandon Tanev 50 0 5 0
2 Isac Lundestrom Logan O'Connor 50 0 5 0
Penalty Kill 4 Players Defense
Defense Defense Time % Phy DF OF
1 Colton Parayko Jake Sanderson 50 1 4 0
2 Jaccob Slavin Artem Zub 50 1 4 0
Penalty Kill - 3 Players Forward
Forward Time % Phy DF OF
1 Vincent Trocheck 50 0 5 0
2 Isac Lundestrom 50 0 5 0
Penalty Kill - 3 Players Defense
Defense Defense Time % Phy DF OF
1 Colton Parayko Mikhail Sergachev 50 0 5 0
2 Jaccob Slavin Artem Zub 50 0 5 0
4 vs 4 Forward
Center Wing Time % Phy DF OF
1 Jack Eichel Nikita Kucherov 50 0 2 3
2 Vincent Trocheck Brayden Point 50 0 2 3
4 vs 4 Defense
Defense Defense Time % Phy DF OF
1 Jake Sanderson Jaccob Slavin 50 0 3 2
2 Mikhail Sergachev Colton Parayko 50 0 3 2
Last Minutes Offensive
Center Left Wing Right Wing Defense Defense
Robert Thomas Jack Eichel Nikita Kucherov Brayden Point Jake Sanderson
Last Minutes Defensive
Center Left Wing Right Wing Defense Defense
Vincent Trocheck Isac Lundestrom Brandon Tanev Jaccob Slavin Colton Parayko
Goaltenders
Starting : Scott Wedgewood
Backup : Connor Hellebuyck
Extra Forwards
Normal : Jake Guentzel, Alex Tuch, Mark Stone - PP : Nikita Kucherov, Mark Stone - PK : Nikita Kucherov
Extra Defensemen
Normal : Mikhail Sergachev, Jaccob Slavin, Artem Zub - PP : Colton Parayko - PK : Artem Zub, Mikhail Sergachev
Penalty Shots
Alex Tuch, Brayden Point, Jake Guentzel, Jack Eichel, Nikita Kucherov
Scratches
Matthew Seminoff (Healthy), Connor Clifton (Healthy), Joona Koppanen (Healthy), Will Cranley (Healthy)
Toronto Maple Leafs
5 vs 5 Forward
Center Left Wing Right Wing Time % Phy DF OF
1 Wyatt Johnston Brady Tkachuk Troy Terry 30 1 2 2
2 Sam Bennett Quinton Byfield Warren Foegele 30 1 2 2
3 Scott Laughton Brandon Saad Ryan Hartman 25 1 2 2
4 Nicolas Roy Eric Robinson Mackie Samoskevich 15 1 3 1
5 vs 5 Defense
Defense Defense Time % Phy DF OF
1 Ryan Pulock Mario Ferraro 35 1 2 2
2 Aaron Ekblad Bowen Byram 35 1 2 2
3 Cody Ceci Sam Malinski 30 1 2 2
4 Ryan Pulock Mario Ferraro 0 1 2 2
PowerPlay Forward
Center Left Wing Right Wing Time % Phy DF OF
1 Wyatt Johnston Brady Tkachuk Troy Terry 50 1 2 2
2 Sam Bennett Quinton Byfield Warren Foegele 50 1 2 2
PowerPlay Defense
Defense Defense Time % Phy DF OF
1 Aaron Ekblad Bowen Byram 50 1 2 2
2 Ryan Pulock Sam Malinski 50 1 2 2
Penalty Kill 4 Players Forward
Center Wing Time % Phy DF OF
1 Scott Laughton Warren Foegele 50 1 2 2
2 Wyatt Johnston Nicolas Roy 50 1 2 2
Penalty Kill 4 Players Defense
Defense Defense Time % Phy DF OF
1 Mario Ferraro Aaron Ekblad 50 1 2 2
2 Ryan Pulock Cody Ceci 50 1 2 2
Penalty Kill - 3 Players Forward
Forward Time % Phy DF OF
1 Scott Laughton 50 1 2 2
2 Wyatt Johnston 50 1 2 2
Penalty Kill - 3 Players Defense
Defense Defense Time % Phy DF OF
1 Mario Ferraro Aaron Ekblad 50 1 2 2
2 Ryan Pulock Cody Ceci 50 1 2 2
4 vs 4 Forward
Center Wing Time % Phy DF OF
1 Wyatt Johnston Brady Tkachuk 50 1 2 2
2 Sam Bennett Quinton Byfield 50 1 2 2
4 vs 4 Defense
Defense Defense Time % Phy DF OF
1 Aaron Ekblad Bowen Byram 50 1 2 2
2 Ryan Pulock Mario Ferraro 50 1 2 2
Last Minutes Offensive
Center Left Wing Right Wing Defense Defense
Wyatt Johnston Brady Tkachuk Troy Terry Aaron Ekblad Bowen Byram
Last Minutes Defensive
Center Left Wing Right Wing Defense Defense
Wyatt Johnston Scott Laughton Warren Foegele Ryan Pulock Mario Ferraro
Goaltenders
Starting : Frederik Andersen
Backup : Matt Murray
Extra Forwards
Normal : Ryan Hartman, Eric Robinson, Mackie Samoskevich - PP : Brandon Saad, Ryan Hartman - PK : Sam Bennett
Extra Defensemen
Normal : Sam Malinski, Cody Ceci, Bowen Byram - PP : Mario Ferraro - PK : Bowen Byram, Sam Malinski
Penalty Shots
Troy Terry, Quinton Byfield, Wyatt Johnston, Nicolas Roy, Brady Tkachuk
Scratches
Nick Bjugstad (Healthy), Brendan Brisson (Healthy), Lucas Carlsson (Healthy), Lassi Thomson (Healthy), Joonas Korpisalo (Healthy)
% Time on Ice - St.Louis Blues
Lines # - Real PCT - Wanted PCT - Time Play
Normal Forward
1 - 35% - 40% - 16:41
2 - 28% - 30% - 13:15
3 - 23% - 25% - 10:38
4 - 14% - 5% - 6:28
Normal Defense
1 - 41% - 45% - 19:24
2 - 33% - 35% - 15:37
3 - 26% - 20% - 12:01
4 - 0% - 0% - 0:00
PP Forward
1 - 57% - 60% - 4:58
2 - 43% - 40% - 3:45
PP Defense
1 - 59% - 60% - 5:07
2 - 41% - 40% - 3:36
PK Forward
1 - 49% - 50% - 1:13
2 - 51% - 50% - 1:16
PK Defense
1 - 43% - 50% - 1:04
2 - 57% - 50% - 1:25
PK3 Forward
1 - 0% - 50%
2 - 0% - 50%
PK3 Defense
1 - 0% - 50%
2 - 0% - 50%
44 Forward
1 - 48% - 50% - 0:51
2 - 52% - 50% - 0:55
44 Defense
1 - 38% - 50% - 0:40
2 - 62% - 50% - 1:06
Last Minute Offensive - 0:00
Last Minute Defensive - 0:00
Total
Forward - 60:00
Defense - 60:00
|
% Time on Ice - Toronto Maple Leafs
Lines # - Real PCT - Wanted PCT - Time Play
Normal Forward
1 - 31% - 30% - 14:22
2 - 29% - 30% - 13:31
3 - 22% - 25% - 10:31
4 - 18% - 15% - 8:38
Normal Defense
1 - 35% - 35% - 16:17
2 - 35% - 35% - 16:15
3 - 31% - 30% - 14:30
4 - 0% - 0% - 0:00
PP Forward
1 - 48% - 50% - 1:11
2 - 52% - 50% - 1:18
PP Defense
1 - 67% - 50% - 1:40
2 - 33% - 50% - 0:49
PK Forward
1 - 53% - 50% - 4:38
2 - 47% - 50% - 4:05
PK Defense
1 - 47% - 50% - 4:06
2 - 53% - 50% - 4:37
PK3 Forward
1 - 0% - 50%
2 - 0% - 50%
PK3 Defense
1 - 0% - 50%
2 - 0% - 50%
44 Forward
1 - 44% - 50% - 0:47
2 - 56% - 50% - 0:59
44 Defense
1 - 47% - 50% - 0:50
2 - 53% - 50% - 0:56
Last Minute Offensive - 0:00
Last Minute Defensive - 0:00
Total
Forward - 60:00
Defense - 60:00
|
Play-by-Play
1st period
0:01 of 1st period - Robert Thomas wins face-off versus Wyatt Johnston in neutral zone.
0:47 of 1st period - Minor Penalty to Vincent Trocheck for Goalie Interference.
0:48 of 1st period - Brady Tkachuk wins face-off versus Nikita Kucherov in St.Louis Blues zone.
1:04 of 1st period - Slapshot by Wyatt Johnston.
1:04 of 1st period - Goal by Wyatt Johnston - St.Louis Blues : 0 - Toronto Maple Leafs : 1.
1:05 of 1st period - Scott Laughton wins face-off versus Vincent Trocheck in neutral zone.
1:10 of 1st period - Snap shot by Brandon Saad.
1:10 of 1st period - Stopped by Scott Wedgewood without a rebound.
1:11 of 1st period - Scott Laughton wins face-off versus Vincent Trocheck in St.Louis Blues zone.
1:16 of 1st period - Slapshot by Ryan Hartman.
1:16 of 1st period - Shot Misses the Net.
1:18 of 1st period - Wrist shot by Brandon Saad.
1:18 of 1st period - Shot Blocked by Mikhail Sergachev.
1:20 of 1st period - Slapshot by Scott Laughton.
1:20 of 1st period - Shot Misses the Net.
1:22 of 1st period - Wrist shot by Bowen Byram.
1:22 of 1st period - Stopped by Scott Wedgewood without a rebound.
1:23 of 1st period - Robert Thomas wins face-off versus Nicolas Roy in St.Louis Blues zone.
1:59 of 1st period - Snap shot by Wyatt Johnston.
1:59 of 1st period - Deflect By Brady Tkachuk.
1:59 of 1st period - Shot Misses the Net.
1:59 of 1st period - Puck is out of play.
2:00 of 1st period - Isac Lundestrom wins face-off versus Sam Bennett in St.Louis Blues zone.
2:11 of 1st period - Wrist shot by Sam Bennett.
2:11 of 1st period - Shot Misses the Net.
2:13 of 1st period - Wrist shot by Quinton Byfield.
2:13 of 1st period - Shot Misses the Net.
2:15 of 1st period - Snap shot by Warren Foegele.
2:15 of 1st period - Deflect By Quinton Byfield.
2:15 of 1st period - Stopped by Scott Wedgewood without a rebound.
2:16 of 1st period - Jack Eichel wins face-off versus Scott Laughton in St.Louis Blues zone.
2:21 of 1st period - Sam Malinski is hit by Colton Parayko.
2:25 of 1st period - Wrist shot by Robert Thomas.
2:25 of 1st period - Goal by Robert Thomas - St.Louis Blues : 1 - Toronto Maple Leafs : 1.
2:26 of 1st period - Vincent Trocheck wins face-off versus Wyatt Johnston in neutral zone.
2:31 of 1st period - Wrist shot by Vincent Trocheck.
2:31 of 1st period - Stopped by Frederik Andersen without a rebound.
2:32 of 1st period - Wyatt Johnston wins face-off versus Vincent Trocheck in Toronto Maple Leafs zone.
2:39 of 1st period - Slapshot by Wyatt Johnston.
2:39 of 1st period - Shot Misses the Net.
2:41 of 1st period - Slapshot by Aaron Ekblad.
2:41 of 1st period - Shot Blocked by Jake Sanderson.
2:43 of 1st period - Snap shot by Bowen Byram.
2:43 of 1st period - Stopped by Scott Wedgewood with a rebound.
2:45 of 1st period - Slapshot by Troy Terry.
2:45 of 1st period - Shot Misses the Net.
2:47 of 1st period - Wrist shot by Troy Terry.
2:47 of 1st period - Stopped by Scott Wedgewood with a rebound.
2:49 of 1st period - Snap shot by Aaron Ekblad.
2:49 of 1st period - Stopped by Scott Wedgewood with a rebound.
2:55 of 1st period - Minor Penalty to Brandon Hagel for Slashing.
2:56 of 1st period - Sam Bennett wins face-off versus Isac Lundestrom in St.Louis Blues zone.
2:57 of 1st period - Snap shot by Quinton Byfield.
2:57 of 1st period - Stopped by Scott Wedgewood with a rebound.
2:59 of 1st period - Slapshot by Quinton Byfield.
2:59 of 1st period - Shot Misses the Net.
3:01 of 1st period - Wrist shot by Quinton Byfield.
3:01 of 1st period - Deflect By Sam Bennett.
3:01 of 1st period - Shot Blocked by Colton Parayko.
3:01 of 1st period - Puck is out of play.
3:02 of 1st period - Isac Lundestrom wins face-off versus Sam Bennett in St.Louis Blues zone.
3:02 of 1st period - Isac Lundestrom is hit by Warren Foegele.
3:08 of 1st period - Minor Penalty to Sam Bennett for Holding.
3:09 of 1st period - Wyatt Johnston wins face-off versus Jack Eichel in Toronto Maple Leafs zone.
3:19 of 1st period - Wrist shot by Nikita Kucherov.
3:19 of 1st period - Stopped by Frederik Andersen without a rebound.
3:20 of 1st period - Vincent Trocheck wins face-off versus Ryan Hartman in Toronto Maple Leafs zone.
3:25 of 1st period - Wrist shot by Brayden Point.
3:25 of 1st period - Stopped by Frederik Andersen with a rebound.
4:47 of 1st period - Icing by Jack Eichel.
4:48 of 1st period - Ryan Hartman wins face-off versus Vincent Trocheck in St.Louis Blues zone.
4:55 of 1st period - Penalty to Brandon Hagel is over, Brandon Hagel is back on ice.
5:01 of 1st period - Backhand shot by Nikita Kucherov.
5:01 of 1st period - Shot Blocked by Aaron Ekblad.
5:03 of 1st period - Slapshot by Jaccob Slavin.
5:03 of 1st period - Stopped by Frederik Andersen without a rebound.
5:04 of 1st period - Jake Guentzel wins face-off versus Scott Laughton in Toronto Maple Leafs zone.
5:08 of 1st period - Penalty to Sam Bennett is over, Sam Bennett is back on ice.
5:11 of 1st period - Backhand shot by Jack Eichel.
5:11 of 1st period - Shot Hit the Post.
5:25 of 1st period - Cody Ceci is hit by Jake Sanderson and loses puck.
5:38 of 1st period - Slapshot by Warren Foegele.
5:38 of 1st period - Stopped by Scott Wedgewood without a rebound.
5:39 of 1st period - Robert Thomas wins face-off versus Nicolas Roy in St.Louis Blues zone.
5:39 of 1st period - Robert Thomas is hit by Mackie Samoskevich.
6:08 of 1st period - Minor Penalty to Mario Ferraro for Tripping.
6:09 of 1st period - Wyatt Johnston wins face-off versus Jake Guentzel in Toronto Maple Leafs zone.
6:24 of 1st period - Snap shot by Warren Foegele.
6:24 of 1st period - Deflect By Jack Eichel.
6:24 of 1st period - Shot Misses the Net.
6:24 of 1st period - Puck is out of play.
6:25 of 1st period - Brandon Hagel wins face-off versus Wyatt Johnston in St.Louis Blues zone.
7:35 of 1st period - Wyatt Johnston is hit by Mikhail Sergachev and loses puck.
7:52 of 1st period - Scott Laughton is hit by Vincent Trocheck and loses puck.
8:08 of 1st period - Penalty to Mario Ferraro is over, Mario Ferraro is back on ice.
8:37 of 1st period - Icing by Mario Ferraro.
8:38 of 1st period - Robert Thomas wins face-off versus Scott Laughton in Toronto Maple Leafs zone.
9:14 of 1st period - Snap shot by Nicolas Roy.
9:14 of 1st period - Stopped by Scott Wedgewood without a rebound.
9:15 of 1st period - Robert Thomas wins face-off versus Scott Laughton in St.Louis Blues zone.
10:01 of 1st period - Slapshot by Ryan Hartman.
10:01 of 1st period - Stopped by Scott Wedgewood without a rebound.
10:02 of 1st period - Brayden Point wins face-off versus Sam Bennett in St.Louis Blues zone.
10:10 of 1st period - Off-side.
10:11 of 1st period - Robert Thomas wins face-off versus Sam Bennett in neutral zone.
10:14 of 1st period - Aaron Ekblad is hit by Colton Parayko and loses puck.
10:31 of 1st period - Slapshot by Quinton Byfield.
10:31 of 1st period - Shot Misses the Net.
10:47 of 1st period - Bowen Byram is hit by Brayden Point and loses puck.
10:59 of 1st period - Snap shot by Quinton Byfield.
10:59 of 1st period - Shot Misses the Net.
11:01 of 1st period - Slapshot by Bowen Byram.
11:01 of 1st period - Shot Misses the Net.
11:03 of 1st period - Snap shot by Sam Bennett.
11:03 of 1st period - Goal by Sam Bennett - St.Louis Blues : 1 - Toronto Maple Leafs : 2.
11:04 of 1st period - Robert Thomas wins face-off versus Brady Tkachuk in neutral zone.
11:38 of 1st period - Slapshot by Brandon Saad.
11:38 of 1st period - Shot Blocked by Brandon Hagel.
11:55 of 1st period - Wrist shot by Mark Stone.
11:55 of 1st period - Stopped by Frederik Andersen without a rebound.
11:56 of 1st period - Brayden Point wins face-off versus Nicolas Roy in Toronto Maple Leafs zone.
12:26 of 1st period - Wrist shot by Mark Stone.
12:26 of 1st period - Stopped by Frederik Andersen without a rebound.
12:27 of 1st period - Wyatt Johnston wins face-off versus Robert Thomas in Toronto Maple Leafs zone.
12:56 of 1st period - Snap shot by Ryan Hartman.
12:56 of 1st period - Stopped by Scott Wedgewood without a rebound.
12:57 of 1st period - Brayden Point wins face-off versus Scott Laughton in St.Louis Blues zone.
13:02 of 1st period - Wrist shot by Jake Guentzel.
13:02 of 1st period - Shot Misses the Net.
13:04 of 1st period - Snap shot by Brayden Point.
13:04 of 1st period - Shot Misses the Net.
13:06 of 1st period - Wrist shot by Brayden Point.
13:06 of 1st period - Shot Blocked by Brandon Saad.
13:08 of 1st period - Snap shot by Jake Guentzel.
13:08 of 1st period - Shot Misses the Net.
13:10 of 1st period - Backhand shot by Mark Stone.
13:10 of 1st period - Stopped by Frederik Andersen without a rebound.
13:11 of 1st period - Robert Thomas wins face-off versus Sam Bennett in Toronto Maple Leafs zone.
13:27 of 1st period - Off-side.
13:28 of 1st period - Brayden Point wins face-off versus Wyatt Johnston in neutral zone.
14:09 of 1st period - Slapshot by Mark Stone.
14:09 of 1st period - Stopped by Frederik Andersen with a rebound.
14:23 of 1st period - Wrist shot by Jake Guentzel.
14:23 of 1st period - Shot Blocked by Sam Malinski.
14:43 of 1st period - Wrist shot by Jake Guentzel.
14:43 of 1st period - Shot Misses the Net.
14:46 of 1st period - Icing by Cody Ceci.
14:47 of 1st period - Robert Thomas wins face-off versus Scott Laughton in Toronto Maple Leafs zone.
14:52 of 1st period - Wrist shot by Robert Thomas.
14:52 of 1st period - Stopped by Frederik Andersen with a rebound.
14:54 of 1st period - Snap shot by Robert Thomas.
14:54 of 1st period - Stopped by Frederik Andersen without a rebound.
14:55 of 1st period - Sam Bennett wins face-off versus Nikita Kucherov in Toronto Maple Leafs zone.
15:20 of 1st period - Jack Eichel is hit by Aaron Ekblad.
16:19 of 1st period - Snap shot by Mackie Samoskevich.
16:19 of 1st period - Stopped by Scott Wedgewood without a rebound.
16:20 of 1st period - Brandon Hagel wins face-off versus Wyatt Johnston in St.Louis Blues zone.
16:20 of 1st period - Brandon Hagel is hit by Bowen Byram.
16:35 of 1st period - Artem Zub is hit by Wyatt Johnston and loses puck.
16:51 of 1st period - Snap shot by Sam Bennett.
16:51 of 1st period - Stopped by Scott Wedgewood without a rebound.
16:52 of 1st period - Brayden Point wins face-off versus Sam Bennett in St.Louis Blues zone.
17:44 of 1st period - Brandon Tanev is hit by Aaron Ekblad and loses puck.
18:07 of 1st period - Slapshot by Jake Guentzel.
18:07 of 1st period - Stopped by Frederik Andersen without a rebound.
18:08 of 1st period - Nikita Kucherov wins face-off versus Wyatt Johnston in Toronto Maple Leafs zone.
18:29 of 1st period - Icing by Robert Thomas.
18:30 of 1st period - Quinton Byfield wins face-off versus Jack Eichel in St.Louis Blues zone.
19:28 of 1st period - Wrist shot by Brayden Point.
19:28 of 1st period - Shot Misses the Net.
19:57 of 1st period - Snap shot by Brayden Point.
19:57 of 1st period - Stopped by Frederik Andersen without a rebound.
19:58 of 1st period - Robert Thomas wins face-off versus Wyatt Johnston in Toronto Maple Leafs zone.
Goals for this period are 1 for St.Louis Blues vs 2 for Toronto Maple Leafs.
Shots for this period are 13 for St.Louis Blues vs 15 for Toronto Maple Leafs.
2nd period
0:01 of 2nd period - Sam Bennett wins face-off versus Nikita Kucherov in neutral zone.
0:10 of 2nd period - Snap shot by Warren Foegele.
0:10 of 2nd period - Shot Blocked by Nikita Kucherov.
0:33 of 2nd period - Off-side.
0:34 of 2nd period - Vincent Trocheck wins face-off versus Scott Laughton in neutral zone.
1:01 of 2nd period - Bowen Byram is hit by Artem Zub and loses puck.
1:10 of 2nd period - Wrist shot by Brayden Point.
1:10 of 2nd period - Shot Misses the Net.
1:12 of 2nd period - Wrist shot by Jake Guentzel.
1:12 of 2nd period - Stopped by Frederik Andersen with a rebound.
1:32 of 2nd period - Wrist shot by Quinton Byfield.
1:32 of 2nd period - Shot Blocked by Logan O'Connor.
1:34 of 2nd period - Wrist shot by Quinton Byfield.
1:34 of 2nd period - Stopped by Scott Wedgewood without a rebound.
1:35 of 2nd period - Scott Laughton wins face-off versus Robert Thomas in St.Louis Blues zone.
2:06 of 2nd period - Snap shot by Brayden Point.
2:06 of 2nd period - Shot Blocked by Cody Ceci.
2:08 of 2nd period - Snap shot by Brayden Point.
2:08 of 2nd period - Stopped by Frederik Andersen without a rebound.
2:09 of 2nd period - Brayden Point wins face-off versus Wyatt Johnston in Toronto Maple Leafs zone.
2:16 of 2nd period - Snap shot by Brayden Point.
2:16 of 2nd period - Stopped by Frederik Andersen with a rebound.
2:41 of 2nd period - Snap shot by Brayden Point.
2:41 of 2nd period - Shot Misses the Net.
3:27 of 2nd period - Slapshot by Brayden Point.
3:27 of 2nd period - Shot Blocked by Mario Ferraro.
3:29 of 2nd period - Wrist shot by Jake Guentzel.
3:29 of 2nd period - Shot Blocked by Mario Ferraro.
3:31 of 2nd period - Slapshot by Mark Stone.
3:31 of 2nd period - Stopped by Frederik Andersen without a rebound.
3:32 of 2nd period - Vincent Trocheck wins face-off versus Wyatt Johnston in Toronto Maple Leafs zone.
3:46 of 2nd period - Minor Penalty to Troy Terry for Cross-checking.
3:47 of 2nd period - Wyatt Johnston wins face-off versus Brandon Hagel in Toronto Maple Leafs zone.
5:46 of 2nd period - Penalty to Troy Terry is over, Troy Terry is back on ice.
5:53 of 2nd period - Snap shot by Warren Foegele.
5:53 of 2nd period - Shot Misses the Net.
5:55 of 2nd period - Snap shot by Warren Foegele.
5:55 of 2nd period - Stopped by Scott Wedgewood without a rebound.
5:56 of 2nd period - Wyatt Johnston wins face-off versus Mark Stone in St.Louis Blues zone.
5:59 of 2nd period - Snap shot by Wyatt Johnston.
5:59 of 2nd period - Shot Misses the Net.
6:03 of 2nd period - Wrist shot by Wyatt Johnston.
6:03 of 2nd period - Shot Misses the Net.
6:05 of 2nd period - Wrist shot by Brady Tkachuk.
6:05 of 2nd period - Shot Blocked by Colton Parayko.
6:07 of 2nd period - Slapshot by Cody Ceci.
6:07 of 2nd period - Shot Blocked by Jake Sanderson.
6:36 of 2nd period - Snap shot by Mackie Samoskevich.
6:36 of 2nd period - Shot Blocked by Mark Stone.
7:11 of 2nd period - Slapshot by Brady Tkachuk.
7:11 of 2nd period - Stopped by Scott Wedgewood without a rebound.
7:12 of 2nd period - Sam Bennett wins face-off versus Alex Tuch in St.Louis Blues zone.
7:13 of 2nd period - Wrist shot by Quinton Byfield.
7:13 of 2nd period - Deflect By Sam Bennett.
7:13 of 2nd period - Shot Blocked by Alex Tuch.
7:13 of 2nd period - Puck is out of play.
7:14 of 2nd period - Vincent Trocheck wins face-off versus Sam Bennett in St.Louis Blues zone.
7:27 of 2nd period - Snap shot by Brandon Hagel.
7:27 of 2nd period - Stopped by Frederik Andersen with a rebound.
7:45 of 2nd period - Adam Pelech is hit by Wyatt Johnston.
7:49 of 2nd period - Wrist shot by Wyatt Johnston.
7:49 of 2nd period - Shot Misses the Net.
7:51 of 2nd period - Slapshot by Ryan Pulock.
7:51 of 2nd period - Stopped by Scott Wedgewood with a rebound.
7:53 of 2nd period - Slapshot by Ryan Pulock.
7:53 of 2nd period - Deflect By Wyatt Johnston.
7:53 of 2nd period - Stopped by Scott Wedgewood with a rebound.
8:11 of 2nd period - Wrist shot by Eric Robinson.
8:11 of 2nd period - Shot Blocked by Jack Eichel.
8:13 of 2nd period - Snap shot by Eric Robinson.
8:13 of 2nd period - Shot Misses the Net.
8:15 of 2nd period - Snap shot by Nicolas Roy.
8:15 of 2nd period - Shot Misses the Net.
8:17 of 2nd period - Slapshot by Bowen Byram.
8:17 of 2nd period - Deflect By Nicolas Roy.
8:17 of 2nd period - Shot Blocked by Artem Zub.
8:17 of 2nd period - Puck is out of play.
8:18 of 2nd period - Vincent Trocheck wins face-off versus Wyatt Johnston in St.Louis Blues zone.
8:22 of 2nd period - Brandon Hagel is hit by Sam Malinski and loses puck.
8:45 of 2nd period - Colton Parayko is hit by Sam Bennett and loses puck.
8:52 of 2nd period - Snap shot by Quinton Byfield.
8:52 of 2nd period - Shot Blocked by Mark Stone.
8:54 of 2nd period - Slapshot by Sam Malinski.
8:54 of 2nd period - Deflect By Quinton Byfield.
8:54 of 2nd period - Stopped by Scott Wedgewood with a rebound.
8:58 of 2nd period - Snap shot by Quinton Byfield.
8:58 of 2nd period - Shot Blocked by Colton Parayko.
9:16 of 2nd period - Slapshot by Aaron Ekblad.
9:16 of 2nd period - Deflect By Brayden Point.
9:16 of 2nd period - Stopped by Scott Wedgewood with a rebound.
9:18 of 2nd period - Slapshot by Bowen Byram.
9:18 of 2nd period - Stopped by Scott Wedgewood with a rebound.
9:20 of 2nd period - Slapshot by Bowen Byram.
9:20 of 2nd period - Stopped by Scott Wedgewood without a rebound.
9:21 of 2nd period - Wyatt Johnston wins face-off versus Robert Thomas in St.Louis Blues zone.
9:48 of 2nd period - Brandon Hagel is hit by Bowen Byram and loses puck.
11:51 of 2nd period - Minor Penalty to Warren Foegele for High sticking.
11:52 of 2nd period - Jake Guentzel wins face-off versus Nicolas Roy in Toronto Maple Leafs zone.
12:19 of 2nd period - Cody Ceci is hit by Jake Sanderson and loses puck.
12:48 of 2nd period - Wyatt Johnston is hit by Alex Tuch and loses puck.
13:09 of 2nd period - Isac Lundestrom is hit by Aaron Ekblad and loses puck.
13:16 of 2nd period - Aaron Ekblad is hit by Brandon Hagel.
13:51 of 2nd period - Penalty to Warren Foegele is over, Warren Foegele is back on ice.
14:09 of 2nd period - Mackie Samoskevich is hit by Logan O'Connor and loses puck.
14:16 of 2nd period - Alex Tuch is hit by Mackie Samoskevich and loses puck.
14:25 of 2nd period - Snap shot by Mark Stone.
14:25 of 2nd period - Shot Blocked by Sam Malinski.
15:45 of 2nd period - Brayden Point is hit by Scott Laughton and loses puck.
17:00 of 2nd period - Mikhail Sergachev is hit by Nicolas Roy and loses puck.
17:15 of 2nd period - Wrist shot by Brandon Saad.
17:15 of 2nd period - Shot Misses the Net.
17:29 of 2nd period - Snap shot by Eric Robinson.
17:29 of 2nd period - Shot Misses the Net.
17:35 of 2nd period - Brayden Point is hit by Mario Ferraro and loses puck.
18:37 of 2nd period - Wrist shot by Wyatt Johnston.
18:37 of 2nd period - Stopped by Scott Wedgewood with a rebound.
18:58 of 2nd period - Minor Penalty to Sam Malinski for Slashing.
18:59 of 2nd period - Wyatt Johnston wins face-off versus Jake Guentzel in Toronto Maple Leafs zone.
19:06 of 2nd period - Icing by Jack Eichel.
19:07 of 2nd period - Jake Guentzel wins face-off versus Wyatt Johnston in St.Louis Blues zone.
19:20 of 2nd period - Snap shot by Jack Eichel.
19:20 of 2nd period - Stopped by Frederik Andersen without a rebound.
19:21 of 2nd period - Wyatt Johnston wins face-off versus Nikita Kucherov in Toronto Maple Leafs zone.
19:53 of 2nd period - Wrist shot by Warren Foegele.
19:53 of 2nd period - Shot Misses the Net.
Goals for this period are 0 for St.Louis Blues vs 0 for Toronto Maple Leafs.
Shots for this period are 6 for St.Louis Blues vs 10 for Toronto Maple Leafs.
3rd period
0:01 of 3rd period - Wyatt Johnston wins face-off versus Jake Guentzel in neutral zone.
0:26 of 3rd period - Brandon Hagel is hit by Scott Laughton and loses puck.
0:31 of 3rd period - Backhand shot by Warren Foegele.
0:31 of 3rd period - Stopped by Scott Wedgewood with a rebound.
0:33 of 3rd period - Snap shot by Scott Laughton.
0:33 of 3rd period - Shot Misses the Net.
0:35 of 3rd period - Snap shot by Aaron Ekblad.
0:35 of 3rd period - Stopped by Scott Wedgewood without a rebound.
0:36 of 3rd period - Jack Eichel wins face-off versus Scott Laughton in St.Louis Blues zone.
0:46 of 3rd period - Snap shot by Mikhail Sergachev.
0:46 of 3rd period - Shot Blocked by Warren Foegele.
0:48 of 3rd period - Slapshot by Mikhail Sergachev.
0:48 of 3rd period - Deflect By Jake Guentzel.
0:48 of 3rd period - Stopped by Frederik Andersen with a rebound.
0:58 of 3rd period - Penalty to Sam Malinski is over, Sam Malinski is back on ice.
1:02 of 3rd period - Warren Foegele is hit by Logan O'Connor and loses puck.
1:07 of 3rd period - Slapshot by Jake Sanderson.
1:07 of 3rd period - Stopped by Frederik Andersen without a rebound.
1:08 of 3rd period - Wyatt Johnston wins face-off versus Isac Lundestrom in Toronto Maple Leafs zone.
1:08 of 3rd period - Wyatt Johnston is hit by Jake Sanderson.
1:14 of 3rd period - Slapshot by Aaron Ekblad.
1:14 of 3rd period - Stopped by Scott Wedgewood without a rebound.
1:15 of 3rd period - Jack Eichel wins face-off versus Wyatt Johnston in St.Louis Blues zone.
2:07 of 3rd period - Wrist shot by Mark Stone.
2:07 of 3rd period - Shot Blocked by Sam Malinski.
2:09 of 3rd period - Slapshot by Jake Guentzel.
2:09 of 3rd period - Shot Misses the Net.
2:11 of 3rd period - Snap shot by Jake Guentzel.
2:11 of 3rd period - Stopped by Frederik Andersen without a rebound.
2:12 of 3rd period - Jack Eichel wins face-off versus Scott Laughton in Toronto Maple Leafs zone.
3:14 of 3rd period - Snap shot by Brayden Point.
3:14 of 3rd period - Stopped by Frederik Andersen without a rebound.
3:15 of 3rd period - Sam Bennett wins face-off versus Robert Thomas in Toronto Maple Leafs zone.
3:20 of 3rd period - Colton Parayko is hit by Aaron Ekblad and loses puck.
3:29 of 3rd period - Aaron Ekblad is hit by Nikita Kucherov and loses puck.
4:08 of 3rd period - Slapshot by Wyatt Johnston.
4:08 of 3rd period - Stopped by Scott Wedgewood with a rebound.
4:10 of 3rd period - Wrist shot by Wyatt Johnston.
4:10 of 3rd period - Shot Misses the Net.
4:12 of 3rd period - Wrist shot by Wyatt Johnston.
4:12 of 3rd period - Shot Misses the Net.
4:14 of 3rd period - Slapshot by Bowen Byram.
4:14 of 3rd period - Stopped by Scott Wedgewood with a rebound.
6:09 of 3rd period - Brandon Hagel is hit by Warren Foegele and loses puck.
6:53 of 3rd period - Minor Penalty to Robert Thomas for Holding.
6:54 of 3rd period - Sam Bennett wins face-off versus Vincent Trocheck in St.Louis Blues zone.
6:58 of 3rd period - Snap shot by Sam Bennett.
6:58 of 3rd period - Shot Blocked by Jake Sanderson.
7:32 of 3rd period - Wrist shot by Wyatt Johnston.
7:32 of 3rd period - Shot Misses the Net.
7:34 of 3rd period - Wrist shot by Brady Tkachuk.
7:34 of 3rd period - Shot Blocked by Brandon Tanev.
8:52 of 3rd period - Aaron Ekblad is hit by Jake Sanderson and loses puck.
8:53 of 3rd period - Penalty to Robert Thomas is over, Robert Thomas is back on ice.
9:07 of 3rd period - Snap shot by Eric Robinson.
9:07 of 3rd period - Stopped by Scott Wedgewood with a rebound.
9:15 of 3rd period - Wrist shot by Nicolas Roy.
9:15 of 3rd period - Shot Blocked by Colton Parayko.
9:17 of 3rd period - Slapshot by Mario Ferraro.
9:17 of 3rd period - Shot Blocked by Colton Parayko.
9:36 of 3rd period - Off-side.
9:37 of 3rd period - Nicolas Roy wins face-off versus Brayden Point in neutral zone.
9:54 of 3rd period - Mackie Samoskevich is hit by Mark Stone and loses puck.
10:23 of 3rd period - Icing by Jack Eichel.
10:24 of 3rd period - Robert Thomas wins face-off versus Sam Bennett in St.Louis Blues zone.
10:29 of 3rd period - Sam Bennett is hit by Jack Eichel and loses puck.
10:47 of 3rd period - Icing by Jack Eichel.
10:48 of 3rd period - Robert Thomas wins face-off versus Wyatt Johnston in St.Louis Blues zone.
11:14 of 3rd period - Slapshot by Brayden Point.
11:14 of 3rd period - Shot Misses the Net.
11:16 of 3rd period - Snap shot by Jake Guentzel.
11:16 of 3rd period - Stopped by Frederik Andersen without a rebound.
11:17 of 3rd period - Sam Bennett wins face-off versus Brayden Point in Toronto Maple Leafs zone.
11:34 of 3rd period - Snap shot by Sam Bennett.
11:34 of 3rd period - Stopped by Scott Wedgewood without a rebound.
11:35 of 3rd period - Jack Eichel wins face-off versus Troy Terry in St.Louis Blues zone.
11:44 of 3rd period - Snap shot by Brady Tkachuk.
11:44 of 3rd period - Shot Misses the Net.
11:46 of 3rd period - Wrist shot by Troy Terry.
11:46 of 3rd period - Goal by Troy Terry - St.Louis Blues : 1 - Toronto Maple Leafs : 3.
11:47 of 3rd period - Robert Thomas wins face-off versus Wyatt Johnston in neutral zone.
12:13 of 3rd period - Aaron Ekblad is hit by Alex Tuch and loses puck.
12:40 of 3rd period - Sam Bennett is hit by Brayden Point and loses puck.
12:53 of 3rd period - Mikhail Sergachev is hit by Nicolas Roy and loses puck.
13:16 of 3rd period - Snap shot by Wyatt Johnston.
13:16 of 3rd period - Deflect By Troy Terry.
13:16 of 3rd period - Stopped by Scott Wedgewood without a rebound.
13:17 of 3rd period - Scott Laughton wins face-off versus Robert Thomas in St.Louis Blues zone.
14:27 of 3rd period - Wrist shot by Robert Thomas.
14:27 of 3rd period - Stopped by Frederik Andersen without a rebound.
14:28 of 3rd period - Vincent Trocheck wins face-off versus Sam Bennett in Toronto Maple Leafs zone.
14:35 of 3rd period - Snap shot by Brandon Hagel.
14:35 of 3rd period - Stopped by Frederik Andersen without a rebound.
14:36 of 3rd period - Vincent Trocheck wins face-off versus Sam Bennett in Toronto Maple Leafs zone.
14:37 of 3rd period - Snap shot by Brandon Hagel.
14:37 of 3rd period - Shot Misses the Net.
15:00 of 3rd period - Off-side.
15:01 of 3rd period - Nicolas Roy wins face-off versus Brayden Point in neutral zone.
15:56 of 3rd period - Brady Tkachuk is hit by Vincent Trocheck and loses puck.
17:34 of 3rd period - Brayden Point is hit by Sam Bennett.
17:52 of 3rd period - Quinton Byfield is hit by Robert Thomas and loses puck.
18:12 of 3rd period - Wrist shot by Brandon Hagel.
18:12 of 3rd period - Stopped by Frederik Andersen with a rebound.
18:14 of 3rd period - Slapshot by Jaccob Slavin.
18:14 of 3rd period - Shot Blocked by Bowen Byram.
18:16 of 3rd period - Slapshot by Mikhail Sergachev.
18:16 of 3rd period - Shot Misses the Net.
18:28 of 3rd period - Jake Guentzel is hit by Mackie Samoskevich and loses puck.
19:25 of 3rd period - Minor Penalty to Brady Tkachuk for Tripping.
19:26 of 3rd period - Scott Laughton wins face-off versus Jack Eichel in Toronto Maple Leafs zone.
19:53 of 3rd period - Ryan Pulock is hit by Vincent Trocheck and loses puck.
Goals for this period are 0 for St.Louis Blues vs 1 for Toronto Maple Leafs.
Shots for this period are 8 for St.Louis Blues vs 9 for Toronto Maple Leafs.
Back to the Top